Map: Cyber Forest LE

Players

IIIIIIllIIlI

  • Race: Zerg Zerg
  • League: Master
  • Spawn Location: 5:00

PtitDrogo - Winner!

  • Race: Protoss Protoss
  • League: Grandmaster
  • Spawn Location: 11:00

VOD

Have the link to the VOD?

Description

Alphastar tries a ling attack

Time

  • Played on: Aug. 12, 2019, 2:02 p.m.
  • Length: 7:57
Show
View Real Time Build Order
Export as new Build Order

IIIIIIllIIlI Zerg 

Build Orders: Pool First 

Get SALT Encoding   

  12  0:01  Drone  
  13  0:12  Overlord  
  13  0:18  Drone  
  14  0:31  Drone x2  
  16  0:46  Drone, Spawning Pool  
  16  0:49  Extractor  
  15  0:51  Drone  
  16  0:58  Drone  
  17  1:22  Drone  
  18  1:28  Hatchery  
  17  1:33  Zergling x4  
  19  1:40  Overlord  
  19  1:47  Queen  
  19  1:53  Metabolic Boost  
  21  1:58  Zergling x2  
  22  2:02  Zergling x2  
  23  2:11  Zergling x2  
  24  2:22  Zergling x2  
  25  2:24  Queen  
  27  2:36  Overlord  
  27  2:41  Zergling x2  
  27  2:42  Queen  
  30  2:45  Zergling x2  
  30  2:51  Zergling x2  
  32  2:54  Zergling x2  
  32  2:56  Zergling x2  
  32  2:57  Zergling x2  
  35  3:00  Zergling x2  
  35  3:04  Zergling x2  
  37  3:08  Zergling x2  
  36  3:23  Drone x3  
  38  3:31  Drone  
  38  3:32  Queen  
  40  3:42  Spore Crawler  
  40  3:46  Drone x3  
  42  3:51  Drone  
  43  3:57  Spore Crawler  
  43  3:58  Drone  
  43  3:59  Drone  
  43  4:09  Overlord  
  43  4:14  Overlord  
  43  4:21  Drone  
  44  4:28  Drone x4  
  44  4:30  Drone x2  
  44  4:31  Drone  
  48  4:34  Drone  
  48  4:37  Drone  
  48  4:38  Drone  
  48  4:42  Drone x2  
  52  4:45  Drone  
  52  4:48  Drone  
  51  4:56  Spore Crawler  
  51  4:57  Drone  
  49  5:00  Queen  
  49  5:03  Drone x2  
  53  5:07  Drone  
  53  5:12  Queen  
  56  5:15  Drone  
  56  5:17  Drone  
  58  5:26  Hatchery  
  57  5:35  Zergling x4  
  54  5:36  Zergling x2  
  54  5:38  Zergling x6  
  54  5:42  Zergling x2  
  53  5:46  Zergling x2  
  53  5:47  Zergling x4  
  51  5:52  Zergling x2  
  51  5:55  Zergling x2  
  51  5:56  Queen  
  55  6:02  Drone  
  56  6:05  Drone  
  56  6:07  Drone x2  
  58  6:12  Overlord  
  58  6:19  Drone  
  58  6:23  Overlord  
  59  6:27  Overlord  
  59  6:31  Drone x3  
  62  6:35  Drone  
  62  6:39  Drone  
  66  6:40  Drone  
  66  6:42  Drone x2  
  66  6:43  Drone  
  70  6:52  Zergling x8  
  74  6:58  Queen  
  74  7:01  Queen  
  74  7:03  Zergling x8  
  74  7:06  Zergling x8  
  84  7:17  Zergling x6  
  84  7:22  Zergling x2  
  84  7:26  Zergling x2  
  84  7:27  Zergling x2  
  84  7:28  Zergling x10  
  52  7:39  Zergling x8  
Show
View Real Time Build Order
Export as new Build Order

PtitDrogo Protoss - Winner!

Build Orders: 1 Gate Expand, Oracle Opening, Zealot Archon 

Get SALT Encoding   

  12  0:00  Probe  
  13  0:12  Probe  
  14  0:19  Pylon  
  14  0:24  Probe  
  15  0:34  Probe  
  15  0:39  Gateway  
  15  0:42  Probe  
  16  0:49  Assimilator  
  17  0:51  Probe  
  18  1:03  Probe  
  19  1:15  Probe  
  20  1:28  Nexus  
  20  1:35  Cybernetics Core  
  20  1:39  Probe  
  21  1:45  Assimilator  
  21  1:53  Pylon  
  21  1:55  Probe  
  22  2:02  Adept  
  22  2:07  Probe  
  25  2:19  Probe  
  25  2:20  Stargate  
  26  2:30  Warp Gate  
  26  2:33  Adept  
  26  2:36  Probe  
  29  2:42  Probe  
  30  2:48  Probe  
  31  2:53  Oracle  
  31  2:54  Probe  
  32  3:00  Pylon  
  32  3:03  Shield Battery  
  35  3:07  Probe x2  
  37  3:19  Probe x2  
  39  3:23  Oracle  
  39  3:27  Gateway  
  39  3:29  Gateway  
  39  3:31  Probe  
  40  3:37  Probe  
  44  3:43  Probe  
  44  3:47  Pylon  
  45  3:49  Probe  
  45  3:51  Oracle  
  46  3:58  Probe  
  46  4:01  Probe  
  51  4:10  Probe  
  51  4:13  Probe  
  53  4:18  Zealot  
  53  4:22  Probe  
  56  4:26  Probe  
  57  4:34  Probe  
  55  4:38  Probe  
  55  4:40  Assimilator  
  55  4:42  Adept x3, Assimilator  
  62  4:47  Pylon  
  62  4:48  Pylon  
  62  4:53  Probe  
  60  5:00  Pylon  
  60  5:05  Probe  
  60  5:06  Adept  
  63  5:07  Adept x2, Twilight Council  
  63  5:08  Robotics Facility  
  67  5:15  Pylon  
  67  5:29  Gateway x2  
  67  5:32  Gateway  
  67  5:34  Gateway  
  67  5:39  Charge  
  61  5:46  Warp Prism  
  61  5:55  Zealot x2  
  61  5:56  Zealot  
  67  6:00  Templar Archives  
  67  6:03  Gateway  
  67  6:07  Pylon  
  67  6:10  Pylon  
  67  6:16  Nexus  
  67  6:17  Pylon  
  67  6:23  Pylon  
  67  6:32  Zealot x5  
  77  6:40  Pylon  
  77  6:42  High Templar x2  
  77  6:45  Archon  
  81  6:54  High Templar x2  
  81  6:55  Zealot x2  
  81  6:58  Archon  
  81  6:59  High Templar x2  
  93  7:02  Pylon  
  93  7:04  Archon  
  93  7:17  Zealot x4  
  99  7:30  Zealot x2  
  99  7:31  Zealot x2  
  99  7:36  Zealot  
  99  7:37  Zealot x2  
  109  7:38  Zealot  
Tags
 
Add a new tag
Caveats
  • Supply blocks, unpowered buildings, or Contaminate may cause inaccurate times.
  • Supply counts are checked every 10 seconds.